 Dungeon Crawl Stone Soup version 0.31.0-1-g2c135a008e (webtiles) character file.

Game seed: 1100938246673316274

4 Peloso the Trooper (level 1, -1/20 HPs)
             Began as a Minotaur Fighter on Jan 20, 2024.
             Slain by a quokka (3 damage)
             ... on level 1 of the Dungeon.
             The game lasted 00:00:10 (27 turns).

Peloso the Trooper (Minotaur Fighter)                 Turns: 27, Time: 00:00:10

Health: -1/20      AC:  7    Str: 20    XL:     1   Next: 58%
Magic:  0/0        EV:  9    Int:  5    God:
Gold:   0          SH:  4    Dex:  9    Spells: 0/0 levels left

rFire   . . .        a - +0 long sword
rCold   . . .        c - +0 buckler
rNeg    . . .        b - +0 scale mail
rPois   .            (helmet restricted)
rElec   .            (no cloak)
rCorr   .            (no gloves)
SInv    .            (no boots)
Will    .....        (no amulet) Stlth
                     (no ring)
HPRegen 0.23/turn    (no ring)
MPRegen 0.07/turn

%: no passive effects
@: no status effects
A: horns 2, retaliatory headbutt
a: no special abilities


You were on level 1 of the Dungeon.
You visited 1 branch of the dungeon, and saw 1 of its levels.

Inventory:

Hand Weapons
 a - a +0 long sword (weapon)
Armour
 b - a +0 scale mail (worn)
 c - a +0 buckler (worn)
Potions
 d - a potion of might


   Skills:
 + Level 3.8 Fighting
 + Level 2.4 Long Blades
 + Level 3.8 Armour
 + Level 3.6 Shields


You couldn't memorise any spells.
You didn't know any spells.
Your spell library was empty.

Dungeon Overview and Level Annotations

Branches:
Dungeon (1/15)

Altars:


Innate Abilities, Weirdness & Mutations

You have a pair of horns on your head.
You reflexively headbutt those who attack you in melee.


Message History

You closely miss the kobold.
The kobold is severely wounded.
The kobold hits you with a +1 short sword of speed.
* * * LOW HITPOINT WARNING * * *
The kobold barely misses you.
A quokka comes into view.
You block the frilled lizard's attack. The kobold attacks as it pursues you!
The kobold hits you but does no damage.
The hobgoblin attacks as it pursues you!
The hobgoblin completely misses you. The kobold completely misses you.
The bat hits you but does no damage.
You barely miss the bat. You block the bat's attack. The bat hits you.
* * * LOW HITPOINT WARNING * * *
You miss the bat. Your headbutt misses the bat. The bat misses you.
The bat hits you but does no damage.
You hit the bat.
You kill the bat!
You block the kobold's attack.
You hit the kobold.
You kill the kobold!
The hobgoblin hits you but does no damage.
You hit the hobgoblin.
The hobgoblin is lightly wounded.
The hobgoblin hits you but does no damage.
You hit the hobgoblin.
You kill the hobgoblin!
The frilled lizard barely misses you.
You slash the frilled lizard!
You kill the frilled lizard!
The quokka bites you.
* * * LOW HITPOINT WARNING * * *
Items here: ) †††.
You closely miss the quokka. Your headbutt misses the quokka.
You block the quokka's attack.
You barely miss the quokka. The quokka bites you.
* * * LOW HITPOINT WARNING * * *
The quokka barely misses you.
You hit the quokka but do no damage. The quokka bites you.
You die...

##########
.........#
.........#
.........###
.......<...#
....8....#.#
...♣.....#.#
.........#@### .
..........r..#....
...........$......
..####.........>..
.. #............
#.............
#....~.........
...~...........
≈≈≈≈≈≈≈........


You could see a quokka.

Vanquished Creatures
  A bat (D:1)
  A hobgoblin (D:1)
  A frilled lizard (D:1)
  A kobold (D:1)
  A rat (D:1)
5 creatures vanquished.

Notes
Turn   | Place    | Note
-------+----------+-------------------------------------------
     0 | D:1      | Peloso the Minotaur Fighter began the quest for the Orb.
     0 | D:1      | Reached XP level 1. HP: 19/19 MP: 0/0
    27 | D:1      | Slain by a quokka

Illustrated notes

Levels and vault maps discovered:
D:1:      wander_arrival_peaceful_grave, layout_rooms,
          shapermc_ecumenical_altar_venn, serial_rivers,
          chequers_serial_rivers_small_3, chequers_serial_rivers_large_b,
          chequers_serial_rivers_small_a, chequers_serial_rivers_micro_e,
          chequers_mini_garden, serial_bayou_ford_a, nrook_mini_backslash

Action                     || total
---------------------------++-------
  Melee: Long sword        ||    17
 Armour: Scale mail        ||    18
  Dodge: Dodged            ||     9
  Block: Buckler           ||     6
